 Dungeon Crawl Stone Soup version 0.22.0-6-g71bd7aa6b3 (webtiles) character file.

421 Ablot the Charmwright (level 6, -9/51 HPs)
             Began as a Gnoll Skald on Aug 15, 2018.
             Was a Follower of Elyvilon.
             Mangled by an ogre
             ... wielding a +0 giant club
              (12 damage)
             ... on level 4 of the Dungeon.
             The game lasted 00:05:21 (2526 turns).

Ablot the Charmwright (Gnoll Skald)                 Turns: 2526, Time: 00:05:21

Health: -9/51      AC:  4    Str: 15    XL:     6   Next: 94%
Magic:  6/14       EV: 14    Int: 15    God:    Elyvilon [*.....]
Gold:   108        SH:  0    Dex: 15    Spells: 4/15 levels left

rFire    . . .     SeeInvis .   v - +0 trident
rCold    . . .     Gourm    .   (no shield)
rNeg     . . .     Faith    .   b - +0 leather armour
rPois    .         Spirit   .   (no helmet)
rElec    .         Reflect  .   x - +0 cloak
rCorr    +         Harm     .   (no gloves)
MR       .....                  (no boots)
Stlth    ++........             (no amulet)
HPRegen  0.17/turn              p - ring of resist corrosion
MPRegen  0.14/turn              (no ring)

@: no status effects
A: distributed training, fangs 1, strong nose
a: Lesser Healing, Divine Protection, Renounce Religion


You were on level 4 of the Dungeon.
You worshipped Elyvilon.
Elyvilon was aware of your devotion.
You were hungry.

You visited 1 branch of the dungeon, and saw 4 of its levels.

You collected 108 gold pieces.

Inventory:

Hand Weapons
 v - a +0 trident (weapon)
 y - a +1 falchion of holy wrath
Missiles
 a - a throwing net
 e - 51 arrows
 j - 26 sling bullets
 q - 30 stones (quivered)
Armour
 b - a +0 leather armour (worn)
 x - a +0 cloak (worn)
Jewellery
 p - a ring of resist corrosion (left hand)
Wands
 u - a wand of digging (8)
Scrolls
 h - 2 scrolls of teleportation {unknown}
 i - 3 scrolls of remove curse {unknown}
 l - a scroll of magic mapping {unknown}
 o - 5 scrolls of identify {unknown}
 t - a scroll of blinking {unknown}
Potions
 f - a potion of degeneration {unknown}
 g - a potion of agility {unknown}
 k - a potion of haste {unknown}
 m - a potion of brilliance {unknown}
 n - 2 potions of curing {unknown}
 r - a potion of mutation {unknown}
 s - a potion of flight {unknown}
 w - a potion of might {unknown}
Comestibles
 c - 6 chunks of flesh
 d - 6 rations


   Skills:
 + Level 5.0 Fighting
 + Level 2.1 Short Blades
 + Level 2.1 Long Blades
 + Level 2.1 Axes
 + Level 2.1 Maces & Flails
 + Level 5.0 Polearms
 + Level 2.1 Staves
 + Level 2.1 Slings
 + Level 2.1 Bows
 + Level 2.1 Crossbows
 + Level 2.1 Throwing
 + Level 3.3 Armour
 + Level 5.0 Dodging
 + Level 2.1 Stealth
 + Level 2.1 Shields
 + Level 2.1 Unarmed Combat
 + Level 5.4 Spellcasting
 + Level 1.7 Conjurations
 + Level 1.7 Hexes
 + Level 5.7 Charms
 + Level 1.7 Summonings
 + Level 1.7 Necromancy
 + Level 1.7 Translocations
 + Level 1.7 Transmutations
 + Level 1.7 Fire Magic
 + Level 1.7 Ice Magic
 + Level 1.7 Air Magic
 + Level 1.7 Earth Magic
 + Level 1.7 Poison Magic
 + Level 2.3 Invocations
 + Level 2.1 Evocations


You had 4 spell levels left.
You knew the following spells:

 Your Spells              Type           Power        Failure   Level  Hunger
a - Infusion              Chrm           ###.         1%          1    None
b - Song of Slaying       Chrm           ###.....     2%          2    #......
c - Shroud of Golubria    Chrm/Tloc      ###.......   6%          2    #......
d - Regeneration          Chrm/Necr      ###.......   12%         3    ###....
e - Spectral Weapon       Hex/Chrm       ###.....     12%         3    ###....

Your spell library contained the following spells:

 Spells                   Type           Power        Failure   Level  Hunger


Dungeon Overview and Level Annotations

Branches:
Dungeon (4/15)
 Temple: D:4-7

Altars:
Ashenzari
Elyvilon
Kikubaaqudgha


Innate Abilities, Weirdness & Mutations

Your experience applies equally to all skills.
You have very sharp teeth.
Your uncanny sense of smell can sniff out nearby items.


Message History

Unknown command.
You are healed.
You feel somewhat more hungry.
The ogre hits your spectral weapon with a giant club.
Your spectral weapon shares its damage with you!
* * * LOW HITPOINT WARNING * * *
Unknown command.
You hit the ogre.
You kill the ogre!
Unknown command.
You are healed.
You feel somewhat more hungry.
You feel sick.
You are no longer poisoned.
The ogre hits your spectral weapon with a giant club!
Your spectral weapon shares its damage with you!
Your spectral weapon fades away.
* * * LOW HITPOINT WARNING * * *
Unknown command.
You barely miss the ogre.
The ogre is severely wounded.
The ogre hits you with a giant club!
You die...

............ ...........
#.......... #..........
∆#.......... ..#.
∆#..)....... ...#.# ∆
##...)...... .......##
##.O......%..
#.......#####..@.........
#........................
#........................
#.................../....
.#........................
.#........................
.#.......................
.......<................
.....)#...............


You could see an ogre.

Vanquished Creatures
  An ogre (D:4)
  A howler monkey (D:2)
  2 orc wizards (D:3)
  Terence (D:3)
  2 worker ants
  3 gnolls (D:3)
  6 adders
  A dart slug (D:3)
  2 leopard geckos
  17 orcs
  A ball python (D:2)
  2 giant cockroaches (D:3)
  6 goblins
  3 hobgoblins
  11 jackals
  2 quokkas
  6 bats
  3 frilled lizards
  4 kobolds
  8 rats
82 creatures vanquished.

Vanquished Creatures (others)
  A spectral weapon (D:4)
1 creature vanquished.

Grand Total: 83 creatures vanquished

Notes
Turn   | Place    | Note
-------+----------+-------------------------------------------
     0 | D:1      | Ablot the Gnoll Skald began the quest for the Orb.
     0 | D:1      | Reached XP level 1. HP: 20/20 MP: 6/6
   137 | D:1      | Reached XP level 2. HP: 5/26 MP: 1/7
   151 | D:1      | Learned a level 2 spell: Song of Slaying
   154 | D:1      | Learned a level 2 spell: Shroud of Golubria
  1029 | D:2      | Reached XP level 3. HP: 11/31 MP: 0/9
  1049 | D:2      | Learned a level 3 spell: Regeneration
  1053 | D:2      | Learned a level 3 spell: Spectral Weapon
  1064 | D:2      | Reached skill level 5 in Spellcasting
  1117 | D:2      | Found a white marble altar of Elyvilon.
  1128 | D:2      | Became a worshipper of Elyvilon the Healer
  1154 | D:2      | Reached skill level 1 in Short Blades
  1154 | D:2      | Reached skill level 1 in Long Blades
  1154 | D:2      | Reached skill level 1 in Axes
  1154 | D:2      | Reached skill level 1 in Maces & Flails
  1154 | D:2      | Reached skill level 1 in Staves
  1154 | D:2      | Reached skill level 1 in Slings
  1154 | D:2      | Reached skill level 1 in Bows
  1154 | D:2      | Reached skill level 1 in Crossbows
  1154 | D:2      | Reached skill level 1 in Throwing
  1154 | D:2      | Reached skill level 1 in Stealth
  1154 | D:2      | Reached skill level 1 in Shields
  1154 | D:2      | Reached skill level 1 in Unarmed Combat
  1154 | D:2      | Reached skill level 1 in Invocations
  1154 | D:2      | Reached skill level 1 in Evocations
  1154 | D:2      | Reached XP level 4. HP: 37/38 MP: 11/11
  1393 | D:2      | Found an ancient bone altar of Kikubaaqudgha.
  1466 | D:3      | Noticed Terence
  1481 | D:3      | Killed Terence
  1481 | D:3      | Reached skill level 1 in Conjurations
  1481 | D:3      | Reached skill level 1 in Hexes
  1481 | D:3      | Reached skill level 1 in Summonings
  1481 | D:3      | Reached skill level 1 in Necromancy
  1481 | D:3      | Reached skill level 1 in Translocations
  1481 | D:3      | Reached skill level 1 in Transmutations
  1481 | D:3      | Reached skill level 1 in Fire Magic
  1481 | D:3      | Reached skill level 1 in Ice Magic
  1481 | D:3      | Reached skill level 1 in Air Magic
  1481 | D:3      | Reached skill level 1 in Earth Magic
  1481 | D:3      | Reached skill level 1 in Poison Magic
  1526 | D:3      | Reached XP level 5. HP: 40/43 MP: 6/12
  1678 | D:3      | Reached XP level 6. HP: 18/50 MP: 7/13
  1956 | D:3      | Reached * piety under Elyvilon
  1985 | D:2      | Found a shattered altar of Ashenzari.
  2285 | D:3      | Found a faded altar of an unknown god.
  2500 | D:4      | Reached skill level 5 in Fighting
  2500 | D:4      | Reached skill level 5 in Polearms
  2500 | D:4      | Reached skill level 5 in Dodging
  2522 | D:4      | HP: 2/51 [ogre/giant club (15)]
  2526 | D:4      | Mangled by an ogre

Skill      XL: |  1  2  3  4  5  6 |
---------------+-------------------+-----
Spellcasting   | 5 |  5.4
Short Blades   | 1 2 |  2.1
Long Blades    | 1 2 |  2.1
Axes           | 1 2 |  2.1
Maces & Flails | 1 2 |  2.1
Staves         | 1 2 |  2.1
Slings         | 1 2 |  2.1
Bows           | 1 2 |  2.1
Crossbows      | 1 2 |  2.1
Throwing       | 1 2 |  2.1
Stealth        | 1 2 |  2.1
Shields        | 1 2 |  2.1
Unarmed Combat | 1 2 |  2.1
Invocations    | 1 2 |  2.3
Evocations     | 1 2 |  2.1
Conjurations   | 1 |  1.7
Hexes          | 1 |  1.7
Summonings     | 1 |  1.7
Necromancy     | 1 |  1.7
Translocations | 1 |  1.7
Transmutations | 1 |  1.7
Fire Magic     | 1 |  1.7
Ice Magic      | 1 |  1.7
Air Magic      | 1 |  1.7
Earth Magic    | 1 |  1.7
Poison Magic   | 1 |  1.7
Armour         | 3 |  3.3
Fighting       | 5 |  5.0
Polearms       | 5 |  5.0
Dodging        | 5 |  5.0
Charms         | |  5.7

Action                   |  1- 3 |  4- 6 || total
-------------------------+-------+-------++-------
Melee: Spear             |   112 |    43 ||   155
       Bite              |     9 |    14 ||    23
       Trident           |       |   150 ||   150
       Punch             |       |     1 ||     1
 Cast: Infusion          |     2 |       ||     2
       Song of Slaying   |     1 |     3 ||     4
       Regeneration      |     1 |       ||     1
       Shroud of Golubri |       |     8 ||     8
       Spectral Weapon   |       |     6 ||     6
Invok: Lesser Healing    |       |     4 ||     4
 Stab: Sleeping          |       |     2 ||     2
  Eat: Chunk             |     1 |     5 ||     6
Armor: Leather armour    |    21 |    20 ||    41
Dodge: Dodged            |   111 |   113 ||   224
